 Dungeon Sprint DCSS version 0.20-a0-1050-g57248f3 (webtiles) character file.

182 lordofpotatos the Reanimator (level 5, -18/42 HPs)
             Began as a Deep Elf Necromancer on Apr 25, 2017.
             Was a Follower of Yredelemnul.
             Killed from afar by a ynoxinul (30 damage)
             ... with an iron shot
             ... in the Dungeon (Sprint V: "Ziggurat Sprint").
             The game lasted 00:03:53 (181 turns).

lordofpotatos the Reanimator (Deep Elf Necromancer)  Turns: 181, Time: 00:03:55

Health: -18/42     AC:  2    Str: 10    XL:     5   Next: 35%
Magic:  19/23      EV: 23    Int: 39    God:    Yredelemnul [*.....]
Gold:   0          SH:  0    Dex: 20    Spells: 13/20 levels left

rFire    . . .     SeeInvis .   i - +6 Majin-Bo {vamp, Archmagi MP+6 Int+6}
rCold    . . .     Gourm    .   (shield currently unavailable)
rNeg     . . .     Faith    .   a - +0 robe
rPois    .         Spirit   .   (no helmet)
rElec    .         Reflect  .   (no cloak)
rCorr    .         Harm     .   (no gloves)
MR       .....     NoTele   +   (no boots)
Stlth    ..........             (no amulet)
Regen    0.2/turn               A - +6 ring of intelligence
MPRegen  0.2/turn               B - +6 ring of intelligence

@: mighty, agile, berserking, very slightly contaminated, invisible, very quick
A: no striking features
a: Animate Remains, Renounce Religion


You were in the Dungeon.
You worshipped Yredelemnul.
Yredelemnul was aware of your devotion.
You were not hungry.

You visited 1 branch

Inventory:

Hand Weapons
 i - the +6 Majin-Bo (weapon) {vamp, Archmagi MP+6 Int+6}
   (You found it in the Dungeon)

   It inflicts no extra harm, but heals its wielder when it wounds a living foe.
   It affects your intelligence (+6).
   It affects your magic capacity (+6).
Armour
 a - a +0 robe (worn)
Jewellery
 A - a +6 ring of intelligence (left hand)
 B - a +6 ring of intelligence (right hand)
Scrolls
 q - 5 scrolls of remove curse
Potions
 d - 10 potions of curing
 e - 8 potions of heal wounds
 f - 6 potions of haste
 g - 7 potions of magic
 h - 2 potions of berserk rage
 s - 2 potions of brilliance
 t - a potion of invisibility
 u - 4 potions of resistance
 w - 4 potions of agility
 x - 4 potions of might
Books
 b - a book of Necromancy

   Spells                             Type                      Level
   a - Pain                           Necromancy                   1
   b - Animate Skeleton               Necromancy                   1
   c - Vampiric Draining              Necromancy                   3
   d - Regeneration                   Charms/Necromancy            3
   e - Animate Dead                   Necromancy                   4
   f - Control Undead                 Necromancy                   4
Comestibles
 c - 5 bread rations
 j - 42 fruits
 k - 3 meat rations


   Skills:
 + Level 7.5 Dodging
 + Level 8.2 Stealth
 + Level 8.3 Spellcasting
 + Level 8.6 Necromancy


You had 13 spell levels left.
You knew the following spells:

 Your Spells              Type           Power        Failure   Level  Hunger
a - Pain                  Necr           ####         1%          1    None
b - Vampiric Draining     Necr           #######...   1%          3    None
c - Regeneration          Chrm/Necr      ######....   1%          3    None


Dungeon Overview and Level Annotations

Branches:
Dungeon (1/1)

Altars:
Ashenzari
Cheibriados
Dithmenos
Elyvilon
Fedhas
Gozag
Hepliaklqana
Kikubaaqudgha
Makhleb
Nemelex Xobeh
Okawaru
Qazlal
Ru
Sif Muna
Trog
Uskayaw
Vehumet
Wu Jian
Xom
Yredelemnul
Zin
The Shining One
Beogh
Jiyva
Lugonu

Annotations:
D 1 transporter


Message History

The ynoxinul hits you!
* * * LOW HITPOINT WARNING * * *
The ufetubus closely misses you. The ufetubus misses you.
The ufetubus completely misses you. x2
You sock the ynoxinul!
The ynoxinul is severely wounded.
The ufetubus shouts!
The ufetubus completely misses you. The ufetubus closely misses you.
The ynoxinul gestures.
The ufetubus misses you. The ufetubus completely misses you. x2
The ufetubus misses you. x3
You barely miss the ynoxinul.
The ynoxinul is severely wounded.
The ufetubus shouts! x2
The ufetubus closely misses you. The ufetubus completely misses you.
The ynoxinul gestures at you. The iron shot hits you!
Ouch! That really hurt!
You die...
Your body rises from the dead as a mindless zombie.

▓▓▓▓▓▓▓▓▓▓▓▓▓
▓.8©8.▓.8©8.▓
▓.|§[.▓.....▓
▓.....▓.).).▓
▓..555▓.....▓
▓...53▓.))..▓
▓..§@5▓.....▓
▓..55§▓▓▓▓▓▓▓
▓▓▓▓▓▓▓


You could see a ynoxinul and 7 ufetubi.

Vanquished Creatures
  A ynoxinul (D)
  An orc priest (D)
  An orc (D)
3 creatures vanquished.

Notes
Turn   | Place    | Note
-------+----------+-------------------------------------------
     0 | D        | lordofpotatos the Deep Elf Necromancer began the quest for the Orb.
     0 | D        | Reached XP level 1. HP: 10/10 MP: 6/6
     0 | D        | Found a blossoming altar of Fedhas.
     1 | D        | Found a viscous altar of Jiyva.
     1 | D        | Found an ancient bone altar of Kikubaaqudgha.
     1 | D        | Found a hazy altar of Hepliaklqana.
     1 | D        | Found a corrupted altar of Lugonu.
     1 | D        | Found an opulent altar of Gozag.
     1 | D        | Found a burning altar of Makhleb.
     3 | D        | Found a sacrificial altar of Ru.
     3 | D        | Found a stormy altar of Qazlal.
     3 | D        | Found a deep blue altar of Sif Muna.
     3 | D        | Found an iron altar of Okawaru.
     3 | D        | Found a bloodstained altar of Trog.
     3 | D        | Found a sparkling altar of Nemelex Xobeh.
    86 | D        | Became a worshipper of Yredelemnul the Dark
    96 | D        | Reached skill level 5 in Dodging
    96 | D        | Reached skill level 5 in Stealth
    96 | D        | Reached skill level 5 in Spellcasting
    96 | D        | Reached XP level 2. HP: 15/15 MP: 10/10
   123 | D        | Entered arena 2.
   130 | D        | Reached XP level 3. HP: 16/19 MP: 12/12
   164 | D        | Learned a level 3 spell: Vampiric Draining
   168 | D        | Learned a level 3 spell: Regeneration
   169 | D        | Entered arena 3.
   169 | D        | Noticed a ynoxinul
   169 | D        | Noticed a ynoxinul
   178 | D        | Killed a ynoxinul
   178 | D        | Reached * piety under Yredelemnul
   178 | D        | Reached XP level 4. HP: 15/24 MP: 16/16
   178 | D        | Reached XP level 5. HP: 18/28 MP: 17/17
   181 | D        | Killed from afar by a ynoxinul

Vault maps used:
D:        sprint_v

Skill      XL: |  1  2  3 |
---------------+----------+-----
Dodging        | 5 7 |  7.5
Stealth        | 5 6 8 |  8.2
Spellcasting   | 5 6 8 |  8.3
Necromancy     | 6 7 8 |  8.6

Action                   |  1- 3 |  4- 6 || total
-------------------------+-------+-------++-------
Melee: Quarterstaff      |     6 |     3 ||     9
 Cast: Pain              |     3 |       ||     3
  Use: Potion            |     7 |       ||     7
  Eat: Meat ration       |     1 |       ||     1
Armor: Robe              |     2 |       ||     2
Dodge: Dodged            |    41 |    14 ||    55
